 Dungeon Crawl Stone Soup version 0.27-a0-1416-g941b2bd30b (webtiles) character file.

Game seed: 16143256551806063195

61 shakesphere1979 the Sneak (level 3, 0/16 HPs)
             Began as a Spriggan Venom Mage on July 1, 2021.
             Slain by a water moccasin zombie (7 damage)
             ... on level 3 of the Dungeon.
             The game lasted 00:09:27 (2823 turns).

shakesphere1979 the Sneak (Spriggan Venom Mage)     Turns: 2823, Time: 00:09:28

Health: 0/16       AC:  2    Str:  4    XL:     3   Next: 83%
Magic:  7/9        EV: 17    Int: 17    God:
Gold:   85         SH:  0    Dex: 15    Spells: 5/9 levels left

rFire    . . .     SeeInvis +   g - +2 short sword (protect)
rCold    . . .     Faith    .   (shield restricted)
rNeg     . . .     Spirit   .   a - +0 robe
rPois    .         Reflect  .   (helmet restricted)
rElec    .         Harm     .   (no cloak)
rCorr    .         Rampage  .   (gloves unavailable)
Will     .....                  (boots unavailable)
Stlth    +++.......             (no amulet)
HPRegen  0.05/turn              (no ring)
MPRegen  0.11/turn              (no ring)

@: lethally poisoned (0 -> -4), very quick
A: very small, no large weapons, unfitting armour, see invisible, speed 3
a: no special abilities


You were on level 3 of the Dungeon.
You visited 1 branch of the dungeon, and saw 3 of its levels.

You collected 85 gold pieces.

Inventory:

Hand Weapons
 b - a +0 hunting sling
 g - a +2 short sword of protection (weapon)
Missiles
 c - 58 stones (quivered)
 i - 15 poisoned darts
 m - 25 arrows
Armour
 a - a +0 robe (worn)
Jewellery
 j - a ring of fire
Scrolls
 e - a scroll of immolation {unknown}
 f - a scroll of teleportation
Potions
 h - a potion of haste
 k - 2 potions of heal wounds
 l - a potion of attraction
 n - a potion of brilliance {unknown}


   Skills:
 + Level 3.2 Dodging
 + Level 3.7 Stealth
 + Level 3.5 Spellcasting
 + Level 2.3 Transmutations
 + Level 3.6 Poison Magic


You had 5 spell levels left.
You knew the following spells:

 Your Spells              Type           Power      Damage    Failure   Level
a - Sting                 Tmut/Pois      52%        1d5       4%          1
b - Poisonous Vapours     Pois/Air       18%        N/A       12%         2
c - Animate Skeleton      Necr           6%         N/A       17%         1

Your spell library contained the following spells:

 Spells                   Type           Power      Damage    Failure   Level
 Apportation              Tloc           6%         N/A       17%         1
 Corona                   Hex            3%         N/A       17%         1
 Summon Small Mammal      Summ           12%        N/A       17%         1
 Ignite Poison            Fire/Tmut/Pois 9%         N/A       22%         3
 Mephitic Cloud           Conj/Pois/Air  7%         N/A       30%         3
 Olgreb's Toxic Radiance  Pois           15%        N/A       36%         4
 Call Canine Familiar     Summ           3%         N/A       45%         3
 Portal Projectile        Hex/Tloc       6%         N/A       45%         3
 Leda's Liquefaction      Hex/Erth       1%         N/A       86%         4


Dungeon Overview and Level Annotations

Branches:
Dungeon (3/15)

Altars:


Innate Abilities, Weirdness & Mutations

You are very small and have problems with some larger weapons.
You are too small for most types of armour.
You have supernaturally acute eyesight. (SInv)
You cover ground extremely quickly. (Speed+++)


Message History

The bat misses you. The adder closely misses you.
The water moccasin zombie bites you. The adder closely misses you.
You completely miss the water moccasin zombie.
The water moccasin zombie is lightly damaged.
The water moccasin zombie bites you. The adder misses you.
The water moccasin zombie bites you but does no damage.
You barely miss the water moccasin zombie.
The water moccasin zombie is lightly damaged.
The bat closely misses you. The adder bites you.
The water moccasin zombie misses you. The adder bites you but does no damage.
The bat closely misses you.
You barely miss the water moccasin zombie.
The water moccasin zombie is lightly damaged.
The water moccasin zombie bites you but does no damage.
The adder bites you.
Casting: Sting (safe; 4% risk of failure)
Confirm with . or Enter, or press ? or * to list all spells.
Aiming: Sting (safe; 4% risk of failure)
Press: ? - help, Shift-Dir - straight line, f - water moccasin zombie
Aim: a water moccasin zombie (lightly damaged, 71% to hit)
The sting hits the water moccasin zombie.
The water moccasin zombie partially resists.
The water moccasin zombie is moderately damaged.
The bat misses you.
The water moccasin zombie bites you but does no damage.
The adder bites you.
You are poisoned.
The adder poisons you!
The water moccasin zombie barely misses you.
Casting: Sting (safe; 4% risk of failure)
Confirm with . or Enter, or press ? or * to list all spells.
Aiming: Sting (safe; 4% risk of failure)
Press: ? - help, Shift-Dir - straight line, f/p - water moccasin zombie
Aim: a water moccasin zombie (moderately damaged, 71% to hit)
The sting hits the water moccasin zombie.
The water moccasin zombie partially resists.
The water moccasin zombie is moderately damaged.
You feel sick. The bat hits you but does no damage. The bat barely misses you.
The adder completely misses you. The water moccasin zombie bites you!
You die...

##########
#≈≈≈≈≈≈≈≈≈
#≈........
#≈Z......)
#≈@S♣.....
#≈$b..#
###≈...##
#.'....#
#.#≈...#
#.#≈....#
#.#≈..♣....
#.#≈.......
#.#≈........


You could see an adder, a water moccasin zombie and a bat.

Vanquished Creatures
  A worm (D:2)
  2 dart slugs
  2 ball pythons
  3 endoplasms
  4 giant cockroaches
  8 hobgoblins
  8 kobolds
  2 quokkas (D:2)
  9 bats
  4 frilled lizards
  A goblin (D:2)
  3 rats
47 creatures vanquished.

Notes
Turn   | Place    | Note
-------+----------+-------------------------------------------
     0 | D:1      | shakesphere1979 the Spriggan Venom Mage began the quest for
                  | the Orb.
     0 | D:1      | Reached XP level 1. HP: 9/9 MP: 5/5
   498 | D:1      | Reached XP level 2. HP: 8/13 MP: 5/7
  1387 | D:2      | Found a faded altar of an unknown god.
  1398 | D:2      | Reached XP level 3. HP: 14/16 MP: 8/8
  2736 | D:3      | Learned a level 2 spell: Poisonous Vapours
  2738 | D:3      | Learned a level 1 spell: Animate Skeleton
  2823 | D:3      | Slain by a water moccasin zombie

Illustrated notes

Levels and vault maps discovered:
D:1:      minmay_arrival_glassed_features, layout_loops_ring
D:2:      mumra_celtic_spiral_tile, layout_basic,
          ebering_ecumenical_altar_abandoned, st_stairs_3,
          kennysheep_generic_room_2
D:3:      layout_loops_ring, kennysheep_path_1, st_stairs_9,
          serial_bayou_lagoon_a, minivault_25

Skill      XL: |  1  2  3 |
---------------+----------+-----
Spellcasting   | 3 |  3.5
Dodging        | 3 |  3.2
Transmutations | 2 |  2.3
Stealth        | |  3.7
Poison Magic   | |  3.6

Action                   || total
-------------------------++-------
Melee: Whip              ||    76
       Short sword       ||    79
 Cast: Sting             ||    12
  Use: Scroll            ||     4
 Stab: Sleeping          ||    14
       Distracted        ||     1
Armor: Robe              ||    26
Dodge: Dodged            ||   158

Table legend: (Time is in decaauts)
 A = Elapsed time spent in this place.
 B = Non-inter-level travel time spent in this place.
 C = Inter-level travel time spent in this place.
 D = Time resting spent in this place.
 E = Time spent auto-exploring this place.
 F = Levels seen in this place.
 G = Mean time per level.
                   A        B        C        D        E       F      G
               +--------+--------+--------+--------+--------+-----+--------+
         Total |   2177 |   2164 |     13 |    161 |   1630 |   3 |  725.7 |
       Dungeon |   2177 |   2164 |     13 |    161 |   1630 |   3 |  725.7 |
               +--------+--------+--------+--------+--------+-----+--------+

Top non-repeatable levels by time:
     D:1: 1079 daAuts
     D:2: 1015 daAuts
     D:3: 82 daAuts
